 Dungeon Crawl Stone Soup version 0.28-a0-2-g643f2454ad (webtiles) character file.

Game seed: 16446863059153632481

158 Gargoyl the Skirmisher (level 5, -7/47 HPs)
             Began as a Gnoll Abyssal Knight on July 22, 2021.
             Was a Believer of Lugonu.
             Mangled by an iguana (10 damage)
             ... on level 3 of the Dungeon.
             The game lasted 00:03:54 (2787 turns).

Gargoyl the Skirmisher (Gnoll Abyssal Knight)       Turns: 2787, Time: 00:03:55

Health: -7/47      AC: 10    Str: 12    XL:     5   Next: 39%
Magic:  8/8        EV:  6    Int: 11    God:    Lugonu [**....]
Gold:   240        SH:  4    Dex: 12    Spells: 6/6 levels left

rFire   . . .      SeeInvis .   a - +1 hand axe
rCold   + . .      Faith    .   c - +0 buckler
rNeg    . . .      Spirit   .   d - +0 chain mail
rPois   .          Reflect  .   k - +0 helmet
rElec   .          Harm     .   (no cloak)
rCorr   .          Rampage  .   (no gloves)
Will    .....                   (no boots)
Stlth   ..........              (no amulet)
HPRegen 0.15/turn               e - ring of protection from cold
MPRegen 0.11/turn               (no ring)

@: no status effects
A: fangs 1, strong nose, distributed training
a: Renounce Religion, Depart the Abyss, Bend Space


You were on level 3 of the Dungeon.
You worshipped Lugonu.
Lugonu was pleased with you.
You visited 1 branch of the dungeon, and saw 4 of its levels.
You visited the Abyss 1 time.

You collected 240 gold pieces.

Inventory:

Hand Weapons
 a - a +1 hand axe (weapon)
Armour
 c - a +0 buckler (worn)
 d - a +0 chain mail (worn)
 k - a +0 helmet (worn)
Jewellery
 e - a ring of protection from cold (left hand)
Scrolls
 g - 2 scrolls of identify
Potions
 b - 2 potions of resistance
 f - a potion of curing
 i - a potion of flight
 l - a potion of heal wounds {unknown}


   Skills:
 + Level 6.7 Fighting
 + Level 1.4 Short Blades
 + Level 1.4 Long Blades
 + Level 4.8 Axes
 + Level 1.4 Maces & Flails
 + Level 1.4 Polearms
 + Level 1.4 Staves
 + Level 1.4 Slings
 + Level 1.4 Bows
 + Level 1.4 Crossbows
 + Level 1.4 Throwing
 + Level 4.8 Armour
 + Level 3.0 Dodging
 + Level 1.4 Stealth
 + Level 1.4 Shields
 + Level 1.4 Unarmed Combat
 + Level 1.4 Spellcasting
 + Level 1.1 Conjurations
 + Level 1.1 Hexes
 + Level 1.1 Summonings
 + Level 1.1 Necromancy
 + Level 1.1 Translocations
 + Level 1.1 Transmutations
 + Level 1.1 Fire Magic
 + Level 1.1 Ice Magic
 + Level 1.1 Air Magic
 + Level 1.1 Earth Magic
 + Level 1.1 Poison Magic
 + Level 4.8 Invocations
 + Level 1.4 Evocations


You had 6 spell levels left.
You didn't know any spells.
Your spell library was empty.

Dungeon Overview and Level Annotations

Branches:
Dungeon (4/15)
 Temple: D:4-7

Altars:


Innate Abilities, Weirdness & Mutations

You have very sharp teeth.
Your uncanny sense of smell can sniff out nearby items.
Your experience applies equally to all skills.


Message History

You block the orc's attack. The iguana bites you.
There is a stone staircase leading up here.
The iguana bites you!
You climb upwards.
There is a stone staircase leading down here.
You hit the iguana.
The iguana is lightly wounded.
You block the iguana's attack.
You hit the iguana but do no damage.
The iguana is lightly wounded.
The iguana bites you.
You closely miss the iguana.
The iguana is lightly wounded.
The iguana bites you.
You closely miss the iguana. Your bite misses the iguana.
The iguana is lightly wounded.
The iguana bites you but does no damage.
You hit the iguana but do no damage. You bite the iguana, but do no damage.
The iguana is lightly wounded.
The iguana bites you but does no damage.
You closely miss the iguana.
The iguana is lightly wounded.
The iguana bites you!
You closely miss the iguana.
The iguana is lightly wounded.
The iguana bites you but does no damage.
You hit the iguana.
The iguana is heavily wounded.
The iguana bites you!
* * * LOW HITPOINT WARNING * * *
You slash the iguana!
The iguana is almost dead.
The iguana bites you but does no damage.
You hit the iguana.
The iguana is almost dead.
The iguana bites you!
* * * LOW HITPOINT WARNING * * *
The iguana bites you!
You die...

####.## ######## #.... #...#
#......######.### #...#
#.####........# # #...# #.#
########.### #<..##########.####
#....
#.........#.......############
####...#####......##.##.....#
................#.##.##.....#
............)...@l....>.....# ##
.............#######.##.....# #.
####.........# #..#.....# #.
#...#####.# #..####### #. #...#
#.# #..# #. #...# #.# #..######
#. ####...# #.# #.......#####.
...)...#####.#######<..###.......
.####.....##........†..# ########


You could see an iguana.

Vanquished Creatures
  An iguana (D:3)
  Robin (D:2)
  5 adders
  2 worms
  A dart slug (D:3)
  4 ball pythons
  2 bats
  6 endoplasms
  2 giant cockroaches
  12 goblins
  9 hobgoblins
  7 jackals
  2 kobolds
  A quokka (D:1)
  4 frilled lizards
  6 rats
65 creatures vanquished.

Notes
Turn   | Place    | Note
-------+----------+-------------------------------------------
     0 | Abyss:1  | Gargoyl the Gnoll Abyssal Knight began the quest for the
                  | Orb.
     0 | Abyss:1  | Reached XP level 1. HP: 23/23 MP: 3/3
     9 | Abyss:1  | Found a corrupted altar of Lugonu.
    34 | Abyss:1  | Found a corrupted altar of Lugonu.
    63 | Abyss:1  | Found a corrupted altar of Lugonu.
    74 | Abyss:1  | Noticed a neqoxec
    95 | D:1      | Escaped the Abyss
   140 | D:1      | Reached * piety under Lugonu
   148 | D:1      | Reached XP level 2. HP: 19/29 MP: 5/5
   966 | D:2      | Noticed Robin
   969 | D:2      | Reached XP level 3. HP: 35/35 MP: 6/6
   980 | D:2      | Killed Robin
  1102 | D:2      | Found a faded altar of an unknown god.
  1164 | D:2      | Reached skill level 1 in Short Blades
  1164 | D:2      | Reached skill level 1 in Long Blades
  1164 | D:2      | Reached skill level 1 in Maces & Flails
  1164 | D:2      | Reached skill level 1 in Polearms
  1164 | D:2      | Reached skill level 1 in Staves
  1164 | D:2      | Reached skill level 1 in Slings
  1164 | D:2      | Reached skill level 1 in Bows
  1164 | D:2      | Reached skill level 1 in Crossbows
  1164 | D:2      | Reached skill level 1 in Throwing
  1164 | D:2      | Reached skill level 1 in Stealth
  1164 | D:2      | Reached skill level 1 in Shields
  1164 | D:2      | Reached skill level 1 in Unarmed Combat
  1164 | D:2      | Reached skill level 1 in Spellcasting
  1164 | D:2      | Reached skill level 1 in Evocations
  1220 | D:2      | Reached XP level 4. HP: 41/41 MP: 7/7
  1705 | D:3      | Reached ** piety under Lugonu
  1893 | D:3      | Reached skill level 1 in Conjurations
  1893 | D:3      | Reached skill level 1 in Hexes
  1893 | D:3      | Reached skill level 1 in Summonings
  1893 | D:3      | Reached skill level 1 in Necromancy
  1893 | D:3      | Reached skill level 1 in Translocations
  1893 | D:3      | Reached skill level 1 in Transmutations
  1893 | D:3      | Reached skill level 1 in Fire Magic
  1893 | D:3      | Reached skill level 1 in Ice Magic
  1893 | D:3      | Reached skill level 1 in Air Magic
  1893 | D:3      | Reached skill level 1 in Earth Magic
  1893 | D:3      | Reached skill level 1 in Poison Magic
  2255 | D:3      | Reached XP level 5. HP: 43/47 MP: 8/8
  2787 | D:3      | Mangled by an iguana

Illustrated notes

Levels and vault maps discovered:
D:1:      dpeg_arrival_short_road, layout_loops_cross, fountainhead,
          minmay_misc_feat_rows, minmay_octomino_c4
D:2:      layout_basic, hellmonk_ecumenical_altar_run_dry, uniq_robin
D:3:      layout_loops_cross
D:4:      layout_gridville

Skill      XL: |  1  2  3  4  5 |
---------------+----------------+-----
Short Blades   | 1 |  1.4
Long Blades    | 1 |  1.4
Maces & Flails | 1 |  1.4
Polearms       | 1 |  1.4
Staves         | 1 |  1.4
Slings         | 1 |  1.4
Bows           | 1 |  1.4
Crossbows      | 1 |  1.4
Throwing       | 1 |  1.4
Stealth        | 1 |  1.4
Shields        | 1 |  1.4
Unarmed Combat | 1 |  1.4
Spellcasting   | 1 |  1.4
Evocations     | 1 |  1.4
Conjurations   | 1 |  1.1
Hexes          | 1 |  1.1
Summonings     | 1 |  1.1
Necromancy     | 1 |  1.1
Translocations | 1 |  1.1
Transmutations | 1 |  1.1
Fire Magic     | 1 |  1.1
Ice Magic      | 1 |  1.1
Air Magic      | 1 |  1.1
Earth Magic    | 1 |  1.1
Poison Magic   | 1 |  1.1
Dodging        | 3 |  3.0
Fighting       | |  6.7
Axes           | |  4.8
Armour         | |  4.8
Invocations    | |  4.8

Action                   |  1- 3 |  4- 6 || total
-------------------------+-------+-------++-------
Melee: Hand axe          |    83 |   117 ||   200
       Bite              |     5 |     5 ||    10
Invok: Depart the Abyss  |     1 |       ||     1
  Use: Potion            |     2 |     2 ||     4
       Scroll            |     1 |     5 ||     6
 Stab: Invisible         |       |     3 ||     3
Armor: Leather armour    |     1 |       ||     1
       Chain mail        |    54 |    72 ||   126
Dodge: Dodged            |    38 |    23 ||    61
Block: Buckler           |    16 |    20 ||    36

Table legend: (Time is in decaauts)
 A = Elapsed time spent in this place.
 B = Non-inter-level travel time spent in this place.
 C = Inter-level travel time spent in this place.
 D = Time resting spent in this place.
 E = Time spent auto-exploring this place.
 F = Levels seen in this place.
 G = Mean time per level.
                   A        B        C        D        E       F      G
               +--------+--------+--------+--------+--------+-----+--------+
         Total |   2817 |   2764 |     53 |      0 |   2175 |   5 |  563.4 |
       Dungeon |   2719 |   2666 |     53 |      0 |   2108 |   4 |  679.8 |
         Abyss |     98 |     98 |      0 |      0 |     67 |   1 |   98.0 |
               +--------+--------+--------+--------+--------+-----+--------+

Top non-repeatable levels by time:
     D:3: 1192 daAuts
     D:1: 873 daAuts
     D:2: 625 daAuts
 Abyss:1: 98 daAuts
     D:4: 27 daAuts
